AoeStats
← THL

Arabia

507993912Analyzed
1v1 RM · 12d ago on Sep 20, 2026· 58m 53s· 2 players
Game mode
Random Map
Map size
Tiny (2 player)
Population
200
Speed
Normal
Resources
Standard
Victory
Conquest
Starting age
Dark Age
Ending age
Imperial Age
RankedLock teamsTeams togetherTeam positionsShared explorationLock speedFull tech treeHidden civsTurbo modeCheats
Victory
Defeat
🇨🇳 Poles · China
1789
+15
🇻🇳 Magyars · Vietnam
1763
-15
THL
6:05 Loom
8:59 Feudal Age
9:29 Double-Bit Axe
14:46 Scale Barding Armor
16:37 Bloodlines
22:56 Castle Age
23:01 Gold Mining
24:06 Chain Barding Armor
31:56 Wheelbarrow
34:01 Fletching
34:22 Bow Saw
36:09 Bodkin Arrow
37:55 Padded Archer Armor
37:56 Husbandry
38:51 Ballistics
45:52 Imperial Age
44:56 Thumb Ring
46:41 Bracer
50:04 Recurve Bow
51:14 Chemistry
51:35 Leather Archer Armor
55:32 Parthian Tactics
56:26 Plate Barding Armor
56:58 Ring Archer Armor
W4 Vipor
7:57 Loom
10:02 Feudal Age
10:39 Horse Collar
18:10 Fletching
20:22 Double-Bit Axe
20:49 Forging
20:59 Bloodlines
24:39 Scale Mail Armor
30:15 Castle Age
28:17 Gold Mining
29:09 Scale Barding Armor
30:58 Wheelbarrow
30:20 Light Cavalry
31:40 Iron Casting
30:35 Pikeman
32:34 Husbandry
34:05 Chain Barding Armor
36:06 Bodkin Arrow
36:23 Heavy Plow
36:34 Bow Saw
37:03 Szlachta Privileges
38:41 Stone Mining
42:30 Hand Cart
42:51 Ballistics
42:29 Bodkin Arrow
43:23 Padded Archer Armor
47:59 Imperial Age
45:51 Town Watch
46:08 Squires
45:54 Arson
46:26 Leather Archer Armor
46:23 Masonry
46:10 Murder Holes
47:24 Elite Skirmisher
48:10 Thumb Ring
47:51 Crossbowman
49:46 Blast Furnace
48:46 Bracer
49:22 Crop Rotation
48:44 Arbalester
49:07 Winged Hussar
51:42 Conscription
52:12 Lechitic Legacy
52:35 Chain Mail Armor
53:23 Chemistry
54:42 Siege Engineers
55:09 Plate Mail Armor
54:00 Man-at-Arms
55:45 Stone Shaft Mining
55:36 Treadmill Crane
Connection lost

Rejoining the realm…

Still unreachable

The connection could not be restored.

Session expired

The server has moved on; the page needs a fresh start.